 Dungeon Crawl Stone Soup version 0.30-a0-696-g2367cd04db (console) character file.

Game seed: 979495096438772659

5093 petzl the Magician (level 10, -4/76 HPs)
             Began as a Formicid Delver on Jan 20, 2023.
             Was a Believer of Vehumet.
             Slain by a troll (6 damage)
             ... on level 10 of the Dungeon on Jan 21, 2023.
             The game lasted 00:51:43 (8165 turns).

petzl the Magician (Formicid Delver)                Turns: 8165, Time: 00:51:44

Health: -4/76      AC:  8    Str: 17    XL:     10   Next: 87%
Magic:  21/21      EV: 11    Int: 26    God:    Vehumet [**....]
Gold:   274        SH:  0    Dex: 15    Spells: 10/24 levels left

rFire   + . .      SeeInvis +    a - +4 shortbow
rCold   + + .      Faith    .    (no shield)
rNeg    . . .      Spirit   .    L - +0 ring mail {rC+}
rPois   .          Reflect  .    (helmet unavailable)
rElec   .          Harm     .    k - scarf {rC+ rF+}
rCorr   .          Rampage  .    A - +1 pair of gloves
Will    +....                    K - +0 pair of boots
Stlth   +++                      (no amulet)
HPRegen 0.32/turn                v - +6 ring of intelligence
MPRegen 0.17/turn                s - +6 ring of intelligence

@: no status effects
A: permanent stasis, dig shafts and tunnels, antennae 3, four strong arms
a: Dig, Shaft Self, Renounce Religion


You were on level 10 of the Dungeon.
You worshipped Vehumet.
Vehumet was pleased with you.
You visited 1 branch of the dungeon, and saw 13 of its levels.

You collected 458 gold pieces.
You spent 184 gold pieces at shops.

Inventory:

Hand Weapons
 a - a +4 shortbow (weapon)
 b - a +1 hand axe of venom {!f =f}
 c - a +0 short sword of freezing
 d - the +3 war axe "Goblinbane" {heavy, Str+7, !f =f}
   (You found it on level 8 of the Dungeon)

   Str:       It affects your strength (+7).
Missiles
 G - 13 poisoned darts
Armour
 k - a scarf of resistance (worn)
 A - a +1 pair of gloves (worn)
 K - a +0 pair of boots (worn)
 L - a +0 ring mail of cold resistance (worn)
Magical Staves
 w - a staff of fire
 H - a staff of conjuration
Jewellery
 s - a +6 ring of intelligence (right hand)
 v - a +6 ring of intelligence (left hand)
 y - a ring of protection from cold
 N - a ring of fire
Wands
 g - a wand of digging (13)
 n - a wand of flame (17)
 q - a wand of polymorph (5)
 E - a wand of light (10)
 M - a wand of roots (4)
 O - a wand of mindburst (4)
Scrolls
 e - a scroll of vulnerability
 f - a scroll of amnesia
 i - a scroll of poison
 m - a scroll of enchant armour
 p - a scroll of torment
 z - a scroll of silence
 B - 3 scrolls of immolation
 F - 2 scrolls of identify
 I - 3 scrolls of magic mapping
Potions
 h - 4 potions of brilliance
 j - a potion of might {unknown}
 l - a potion of degeneration {unknown}
 o - a potion of invisibility {unknown}
 r - 2 potions of curing
 t - 2 potions of berserk rage {unknown}
 u - 2 potions of flight
 x - 2 potions of heal wounds {unknown}
 C - a potion of cancellation {unknown}
 D - a potion of mutation {unknown}
Miscellaneous
 J - a phial of floods


   Skills:
 + Level 6.0 Fighting
 - Level 2.0 Maces & Flails
 - Level 3.0 Ranged Weapons
 - Level 1.6 Armour
 - Level 1.7 Dodging
 - Level 6.0 Stealth
 + Level 7.7 Spellcasting
 * Level 6.0 Conjurations
 * Level 5.9 Ice Magic
 + Level 4.1 Air Magic
 - Level 4.0 Earth Magic
 - Level 5.0 Poison Magic


You had 10 spell levels left.
You knew the following spells:

 Your Spells              Type           Power      Damage    Failure   Level
a - Sandblast             Erth           60%        2d14      1%          1
b - Poisonous Vapours     Pois/Air       66%        N/A       2%          2
l - Freezing Cloud        Conj/Ice/Air   19%        6-21      30%         5
m - Mephitic Cloud        Conj/Pois/Air  36%        N/A       3%          3
A - Ozocubu's Armour      Ice            41%        N/A       2%          3

Your spell library contained the following spells:

 Spells                   Type           Power      Damage    Failure   Level
 Freeze                   Ice            100%       1d10      1%          1
 Hailstorm                Conj/Ice       41%        3d10      2%          3
 Cigotuvi's Dreadful Rot  Necr/Pois/Air  50%        N/A       4%          2
 Ice Form                 Ice/Tmut       25%        N/A       30%         4
 Simulacrum               Ice/Necr       12%        N/A       99%         6
 Ozocubu's Refrigeration  Ice            20%        4d12      100%        7
 Polar Vortex             Ice            20%        N/A       100%        9


Dungeon Overview and Level Annotations

Branches:
Dungeon (14/15)
 Temple: D:4-7         Lair: D:8-11         Orc: D:9-12      Vaults: D:13-14

Altars:
Cheibriados
Elyvilon
Kikubaaqudgha
Nemelex Xobeh
Sif Muna
Vehumet

Shops:
D:13 ?

Portals:
Trove: D:13 (give 10 potions of heal wounds)
Ice
Cave: D:14

Annotations:
D:3 1 runed translucent door, testman's ghost, amateur DjWr
D:7 exclusion: 2 downstairs
D:8 Psyche
D:10 exclusion: downstairs, Lodul
D:11 exclusion: upstairs
D:12 exclusions: downstairs and upstairs
D:13 exclusion: boulder beetle
D:14 exclusions: ice dragon and two-headed ogre


Innate Abilities, Weirdness & Mutations

You cannot be hasted, slowed, berserked, paralysed or teleported.
You can dig through walls and to a lower floor.
You have a pair of large antennae on your head. (SInv)
Your four strong arms can wield two-handed weapons with a shield.


Message History

Vehumet accepts your kill.
Unknown command.
You start resting.
A gargoyle is nearby!
A wraith comes into view.
The wraith misses you. The wraith barely misses you.
A troll comes into view.
The troll moves out of view.
The troll shouts!
A troll comes into view.
The unseen horror hits you but does no damage.
The unseen horror misses you. The wraith attacks as you move away!
The wraith barely misses you. The unseen horror hits you.
There is a stone staircase leading up here.
The troll shouts!
The wraith closely misses you. The troll bites you! The troll claws you. x2
The unseen horror misses you.
You climb upwards.
Level annotation: exclusion: downstairs, Lodul
There is a stone staircase leading down here.
The wraith attacks as you move away! The wraith hits you but does no damage.
The troll attacks as you move away! The troll bites you!
* * * LOW HITPOINT WARNING * * *
The troll claws you.
* * * LOW HITPOINT WARNING * * *
The troll claws you but does no damage.
Okay, then.
Okay, then.
Are you sure you want to shaft yourself?
The troll bites you but does no damage. The troll claws you!
* * * LOW HITPOINT WARNING * * *
The troll closely misses you. The wraith hits you.
* * * LOW HITPOINT WARNING * * *
The wraith drains your vigour!
Your stasis prevents you from being slowed.
You begin to dig a shaft.
You continue digging a shaft.
The troll bites you.
You die...

### ..# ######## ..#
##......# ..#
#.......##################
..#
#.............#...........
### ..#
#.............#.##########
#.#
..######.######.....@#.#
#.#
......##...........WT#.#
#######.#
......'..............>.#
#?......###
.#....#####...#.......##
#.#####...# ##....#
#####.......# #.....#.###
##....# ...........###
###.#...# ######
......####+##. #.#.###
###.#. ......#### #.#.#
..... ......#..####.#.#
...... {#.............#.#
..... ................#
..........#######
........#####
...#....<...#
.....##.###.# ..... #.#
...W #.# .#. ..# ..{ ###


You could see a troll and a wraith.

Vanquished Creatures
  Snorg (D:13)
  3 boulder beetles
  A deep elf pyromancer (D:12)
  A manticore (D:13)
  A kobold demonologist (D:12)
  An acid dragon (D:11)
  2 water moccasins
  A black bear (D:7)
  A sky beast (D:7)
  2 centaurs
  A kobold brigand (D:7)
  3 bullfrogs
  A wight (D:11)
  A howler monkey (D:13)
  2 hounds
  4 orc priests
  2 jellies
  3 iguanas
  4 orc wizards
  Robin (D:4)
  4 gnolls
  6 adders
  2 shadow imps (D:7)
  A white imp (D:7)
  A worm (D:3)
  2 dart slugs
  14 orcs
  4 bats
  6 endoplasms
  A giant cockroach (D:1)
  12 goblins
  6 hobgoblins
  4 jackals (D:1)
  17 kobolds
  2 quokkas
  4 ball pythons
  3 frilled lizards
  4 rats
129 creatures vanquished.

Vanquished Creatures (others)
  An orc (D:8)
1 creature vanquished.

Grand Total: 130 creatures vanquished

Notes
Turn   | Place    | Note
-------+----------+-------------------------------------------
     0 | D:5      | petzl the Formicid Delver began the quest for the Orb.
     0 | D:5      | Reached XP level 1. HP: 18/18 MP: 1/1
    14 | D:5      | Found a snail-covered altar of Cheibriados.
   132 | D:5      | Reached skill level 1 in Spellcasting
   209 | D:4      | Noticed a hound
   230 | D:5      | Killed a hound
   231 | D:5      | Reached skill level 2 in Spellcasting
   231 | D:5      | Reached XP level 2. HP: 2/24 MP: 2/5
   231 | D:5      | Reached XP level 3. HP: 2/29 MP: 2/7
   347 | D:4      | Reached skill level 3 in Spellcasting
   434 | D:3      | Found a runed translucent door.
   451 | D:3      | Reached XP level 4. HP: 32/35 MP: 9/9
   586 | D:3      | Noticed testman's ghost (amateur DjWr)
   621 | D:3      | Reached skill level 1 in Ranged Weapons
   711 | D:3      | Found a sparkling altar of Nemelex Xobeh.
   778 | D:2      | Reached XP level 5. HP: 41/41 MP: 10/10
  1809 | D:3      | Reached skill level 4 in Spellcasting
  1915 | D:3      | Found a radiant altar of Vehumet.
  1934 | D:3      | Became a worshipper of Vehumet
  2519 | D:2      | Reached XP level 6. HP: 47/47 MP: 12/12
  3025 | D:4      | Noticed Robin
  3034 | D:4      | Reached skill level 5 in Spellcasting
  3043 | D:4      | Reached * piety under Vehumet
  3043 | D:4      | Offered knowledge of Sandblast by Vehumet.
  3050 | D:4      | Killed Robin
  3800 | D:5      | Found an ancient bone altar of Kikubaaqudgha.
  3840 | D:5      | You fall into a shaft and drop 2 floors!
  3895 | D:7      | Noticed a black bear
  3938 | D:7      | Noticed a sky beast
  3949 | D:7      | Learned a level 2 spell: Poisonous Vapours
  3953 | D:7      | Learned a level 3 spell: Mephitic Cloud
  3957 | D:7      | Learned a level 3 spell: Ozocubu's Armour
  3959 | D:7      | Learned a level 1 spell: Sandblast
  4046 | D:7      | Reached XP level 7. HP: 39/52 MP: 13/15
  4098 | D:7      | Reached skill level 1 in Earth Magic
  4159 | D:8      | Noticed Psyche
  4187 | D:8      | Reached skill level 1 in Poison Magic
  4188 | D:8      | Noticed a steam dragon
  4341 | D:7      | Reached skill level 1 in Conjurations
  4341 | D:7      | Reached skill level 1 in Air Magic
  4527 | D:8      | Noticed a water moccasin
  4541 | D:8      | Killed a water moccasin
  4542 | D:8      | Reached XP level 8. HP: 41/58 MP: 5/16
  4742 | D:7      | Reached skill level 6 in Spellcasting
  4968 | D:7      | Reached skill level 1 in Armour
  4968 | D:7      | Reached skill level 1 in Ice Magic
  5020 | D:8      | Found a white marble altar of Elyvilon.
  5149 | D:8      | Identified the +3 war axe "Goblinbane" {heavy, Str+7}
  5214 | D:7      | You fall into a shaft and drop 3 floors!
  5214 | D:10     | Entered Level 10 of the Dungeon
  5403 | D:10     | Noticed a wraith
  5449 | D:9      | Noticed a hornet
  5465 | D:9      | You fall into a shaft and drop 1 floor!
  5617 | D:11     | Noticed an unseen horror
  5647 | D:10     | Noticed a wraith
  5670 | D:10     | Found a shimmering blue altar of Sif Muna.
  5674 | D:10     | Noticed a hornet
  5688 | D:10     | You fall into a shaft and drop 2 floors!
  5769 | D:12     | Noticed a boulder beetle
  5770 | D:12     | Noticed a kobold demonologist
  5884 | D:12     | Noticed a boulder beetle
  6057 | D:11     | Noticed a troll
  6085 | D:11     | You fall into a shaft and drop 3 floors!
  6248 | D:14     | Noticed a two-headed ogre
  6276 | D:13     | Found Neukuer's Magic Scroll Shop.
  6298 | D:14     | Learned a level 5 spell: Freezing Cloud
  6318 | D:14     | Found a frozen archway.
  6318 | D:14     | Noticed an ice dragon
  6370 | D:14     | Noticed a cyclops
  6414 | D:13     | Bought a scroll of identify for 32 gold pieces
  6414 | D:13     | Bought a scroll of identify for 32 gold pieces
  6414 | D:13     | Bought a scroll of magic mapping for 120 gold pieces
  6440 | D:13     | Found a portal to a secret trove of treasure.
  6486 | D:13     | Noticed a boulder beetle
  6584 | D:12     | Noticed a deep elf pyromancer
  6596 | D:12     | Killed a deep elf pyromancer
  6597 | D:12     | Reached XP level 9. HP: 65/65 MP: 10/18
  6708 | D:11     | You fall into a shaft and drop 1 floor!
  6978 | D:13     | Noticed a tengu warrior
  6983 | D:13     | Noticed a two-headed ogre
  6991 | D:13     | Noticed a skeletal warrior
  7147 | D:12     | Killed a kobold demonologist
  7148 | D:12     | Reached skill level 5 in Poison Magic
  7198 | D:12     | Killed a boulder beetle
  7199 | D:12     | Reached skill level 7 in Spellcasting
  7332 | D:13     | Noticed Snorg
  7346 | D:13     | Noticed a manticore
  7361 | D:13     | Killed a manticore
  7362 | D:13     | Reached skill level 5 in Fighting
  7362 | D:13     | Reached XP level 10. HP: 49/74 MP: 15/20
  7399 | D:13     | Killed Snorg
  7400 | D:13     | Reached skill level 5 in Conjurations
  7400 | D:13     | Reached skill level 5 in Ice Magic
  7533 | D:12     | Killed a boulder beetle
  7679 | D:12     | Reached ** piety under Vehumet
  7679 | D:12     | Offered knowledge of Freeze by Vehumet.
  7849 | D:11     | Noticed a boulder beetle
  7866 | D:11     | Killed a boulder beetle
  8039 | D:10     | Noticed Lodul
  8115 | D:11     | Noticed a gargoyle
  8164 | D:10     | HP: 2/76 [wraith (2)]
  8165 | D:10     | Slain by a troll

Illustrated notes

Levels and vault maps discovered:
D:1:      erik_arrival_triangle_medium, layout_basic
D:2:      layout_basic
D:3:      layout_loops_cross, chequers_temple_overflow_statue_of_worship,
          ebering_ghost_sewer_d
D:4:      cheibrodos_quashed, layout_basic, uniq_robin
D:5:      layout_gridville, kiku_gazebo_garden_becter, kennysheep_mini_moat,
          mainiacjoe_overflow_24_doors,
          nicolae_dithmenos_through_a_glass_darkly,
          mainiacjoe_overflow_surrounded_room, serial_shops,
          nicolae_shop_waterfront, minmay_manual_mandibuliform
D:7:      hangedman_cross_stitches, layout_basic,
          lemuel_zombie_altar_yredelemnul
D:8:      layout_basic, elyvilon_altar_3, serial_shops, shop, uniq_psyche
D:9:      layout_basic, grunt_temple_overflow_bloody_war, orc_david_3,
          uniq_harold, uniq_prince_ribbit1
D:10:     minmay_firetagon, layout_basic, lemuel_tele_altar,
          hellmonk_lair_entry_icy, grunt_tough_drop, uniq_lodul
D:11:     nzn_winding_woodlands_three_and_one
          [nzn_winding_woodlands_5x15_default, nzn_winding_woodlands_5x15_pool,
          nzn_winding_woodlands_5x15_sawtooth,
          nzn_winding_woodlands_center_pierced_h], layout_irregular_city,
          uniq_grum
D:12:     layout_roguey
D:13:     layout_basic, gammafunk_ghost_wrathful_warriors, serial_shops,
          nicolae_shop_advertising_works [nicolae_subvault_shop_adworks],
          enter_trove_3, uniq_urug, uniq_snorg
D:14:     layout_stronghold, grunt_vaults_entry_fortified, serial_park_gazebo
          [serial_park_minivault_5x5_7], portal_ice_cave_entry_dragon

Skill      XL: |  1  2  3  4  5  6  7  8  9 10 |
---------------+-------------------------------+-----
Spellcasting   | 2 3 4 5 6 7 |  7.7
Ranged Weapons | 1 2 3 |  3.0
Earth Magic    | 3 4 |  4.0
Poison Magic   | 2 4 5 |  5.0
Conjurations   | 1 3 4 6 |  6.0
Air Magic      | 1 2 3 4 |  4.1
Armour         | 1 |  1.6
Ice Magic      | 2 4 5 |  5.9
Fighting       | 4 5 6 |  6.0
Maces & Flails | |  2.0
Dodging        | |  1.7
Stealth        | |  6.0

Action                   |  1- 3 |  4- 6 |  7- 9 | 10-12 || total
-------------------------+-------+-------+-------+-------++-------
Melee: Mace              |    27 |     5 |       |       ||    32
       Hand axe          |       |    99 |    87 |    20 ||   206
       Punch             |       |     2 |     5 |       ||     7
       War axe           |       |       |     1 |     3 ||     4
 Fire: Sling             |       |   160 |    50 |       ||   210
       Shortbow          |       |       |    11 |    11 ||    22
 Cast: Sandblast         |       |     2 |    51 |    11 ||    64
       Mephitic Cloud    |       |       |    39 |    14 ||    53
       Poisonous Vapours |       |       |     4 |     2 ||     6
       Ozocubu's Armour  |       |       |       |     3 ||     3
 Abil: Shaft Self        |       |     1 |     5 |     1 ||     7
Evoke: Wand              |       |       |       |     3 ||     3
  Use: Scroll            |       |     7 |     5 |       ||    12
       Potion            |       |     3 |     1 |       ||     4
 Stab: Sleeping          |     2 |     1 |     1 |       ||     4
       Confused          |       |       |     7 |     5 ||    12
       Invisible         |       |       |       |     1 ||     1
Armor: Leather armour    |    10 |    41 |    23 |       ||    74
       Ring mail         |       |       |    46 |     8 ||    54
Dodge: Dodged            |    17 |   133 |    99 |    21 ||   270

Table legend: (Time is in decaauts)
 A = Elapsed time spent in this place.
 B = Non-inter-level travel time spent in this place.
 C = Inter-level travel time spent in this place.
 D = Time resting spent in this place.
 E = Time spent auto-exploring this place.
 F = Levels seen in this place.
 G = Mean time per level.
                   A        B        C        D        E       F      G
               +--------+--------+--------+--------+--------+-----+--------+
         Total |   8299 |   7910 |    389 |   2283 |   2587 |  13 |  638.4 |
       Dungeon |   8299 |   7910 |    389 |   2283 |   2587 |  13 |  638.4 |
               +--------+--------+--------+--------+--------+-----+--------+

Top non-repeatable levels by time:
    D:12: 1384 daAuts
     D:4: 1030 daAuts
     D:7: 986 daAuts
     D:3: 885 daAuts
     D:2: 778 daAuts
     D:1: 714 daAuts
     D:5: 498 daAuts
     D:8: 423 daAuts
    D:10: 420 daAuts
    D:13: 419 daAuts
    D:11: 399 daAuts
    D:14: 296 daAuts
     D:9: 62 daAuts
